 Dungeon Crawl Stone Soup version 0.27.0-1-g7a089689b8 (webtiles) character file.

Game seed: 14659878943540827060

54 inmateoo the Skirmisher (level 3, 0/29 HPs)
             Began as a Demonspawn Monk on Aug 6, 2021.
             Succumbed to an adder's poison
             ... on level 2 of the Dungeon.
             The game lasted 00:01:37 (1926 turns).

inmateoo the Skirmisher (Demonspawn Monk)           Turns: 1926, Time: 00:01:37

Health: 0/29       AC:  3    Str: 11    XL:     3   Next: 66%
Magic:  3/3        EV: 13    Int: 14    God:
Gold:   44         SH:  0    Dex: 15    Spells: 2/2 levels left

rFire    . . .     SeeInvis .     - Unarmed
rCold    . . .     Faith    .   (no shield)
rNeg     . . .     Spirit   .   a - +1 robe
rPois    .         Reflect  .   (no helmet)
rElec    .         Harm     .   (no cloak)
rCorr    .         Rampage  .   (no gloves)
Will     .....                  (no boots)
Stlth    ++........             (no amulet)
HPRegen  0.09/turn              (no ring)
MPRegen  0.08/turn              (no ring)

@: lethally poisoned (0 -> -1)
A: big brain 1
a: no special abilities


You were on level 2 of the Dungeon.
You visited 1 branch of the dungeon, and saw 2 of its levels.

You collected 44 gold pieces.

Inventory:

Armour
 a - a +1 robe (worn)
Scrolls
 b - 2 scrolls of identify


   Skills:
 + Level 3.3 Fighting
 + Level 1.1 Armour
 + Level 3.0 Dodging
 - Level 2.0 Stealth
 * Level 3.3 Unarmed Combat


You had 2 spell levels left.
You didn't know any spells.
Your spell library was empty.

Dungeon Overview and Level Annotations

Branches:
Dungeon (2/15)

Altars:


Innate Abilities, Weirdness & Mutations

You have an unusually large brain. (Int +2)


Message History

You kill the goblin!
The adder barely misses you. The adder closely misses you.
Your Dodging skill increases to level 3!
You closely miss the adder. The adder bites you.
You are too injured to fight recklessly!
You closely miss the adder. The adder completely misses you.
You barely miss the adder. The adder bites you.
You are too injured to fight recklessly!
You closely miss the adder. The adder barely misses you. The adder misses you.
You are too injured to fight recklessly!
You barely miss the adder. You punch the adder, but do no damage.
The adder closely misses you.
You closely miss the adder. The adder closely misses you.
You are too injured to fight recklessly!
You hit the adder.
The adder is moderately wounded.
The adder barely misses you.
You hit the adder.
The adder is moderately wounded.
The adder misses you. The adder bites you.
You are poisoned.
The adder poisons you!
You hit the adder.
The adder is almost dead.
You feel sick. The adder bites you.
* * * LOW HITPOINT WARNING * * *
You are too injured to fight recklessly!
You hit the adder.
You kill the adder!
* * * LOW HITPOINT WARNING * * *
You feel sick.
You aren't carrying any potions.
* * * LOW HITPOINT WARNING * * *
You feel sick.
You see here an adder corpse.
* * * LOW HITPOINT WARNING * * *
You feel sick.
* * * LOW HITPOINT WARNING * * *
You feel sick.
You die...

## .. #### .#..# ##..##
....# ##....##...##.
#....).#...#..
##..##..##.##..
#..####..#.#..# ###
#.)#!.#..#.#..# #.##
#..##@#..#.#..# <#.##
##.†#.#...#...# ###.##
#....#...#...# #
##.##### ##..##...#...#
##....########....#....
#
##.###....).............
###.##
###################
.#.## #.##


There were no monsters in sight!

Vanquished Creatures
  An adder (D:2)
  2 dart slugs (D:1)
  4 endoplasms (D:1)
  A giant cockroach (D:1)
  2 hobgoblins (D:1)
  11 jackals (D:1)
  5 ball pythons
  3 bats (D:1)
  A frilled lizard (D:1)
  4 goblins
  4 kobolds
38 creatures vanquished.

Notes
Turn   | Place    | Note
-------+----------+-------------------------------------------
     0 | D:1      | inmateoo the Demonspawn Monk began the quest for the Orb.
     0 | D:1      | Reached XP level 1. HP: 18/18 MP: 1/1
   399 | D:1      | Gained mutation: You have an unusually large brain. (Int
                  | +2) [demonic ancestry]
   399 | D:1      | Reached XP level 2. HP: 24/24 MP: 2/2
  1044 | D:1      | Reached XP level 3. HP: 28/29 MP: 3/3
  1894 | D:2      | Reached skill level 1 in Armour
  1925 | D:2      | HP: 1/29 [poisoned by an adder]
  1926 | D:2      | Succumbed to an adder's poison

Illustrated notes

Levels and vault maps discovered:
D:1:      dpeg_arrival_ternary, layout_basic, chequers_serial_rivers_large_a
D:2:      minmay_thinvault, layout_loops_ring,
          hellmonk_ecumenical_altar_crossroads, minmay_puff

Skill      XL: |  1  2  3 |
---------------+----------+-----
Stealth        | 2 |  2.0
Unarmed Combat | 3 |  3.3
Armour         | 1 |  1.1
Dodging        | 3 |  3.0
Fighting       | |  3.3

Action                   || total
-------------------------++-------
Melee: Unarmed           ||   153
       Punch             ||     2
  Use: Scroll            ||     4
       Potion            ||     1
 Stab: Sleeping          ||     4
Armor: Robe              ||    25
       Skin              ||    11
Dodge: Dodged            ||    98
